 Dungeon Crawl Stone Soup version 0.29.1-15-g9cfb28693d (webtiles) character file.

Game seed: 9421693633238428120

493 safid the Chiller (level 7, -2/54 HPs)
             Began as a Merfolk Ice Elementalist on Apr 3, 2023.
             Slain by a centaur (5 damage)
             ... on level 5 of the Dungeon.
             The game lasted 00:09:20 (4089 turns).

safid the Chiller (Merfolk Ice Elementalist)        Turns: 4089, Time: 00:09:22

Health: -2/54      AC:  8    Str:  9    XL:     7   Next: 15%
Magic:  10/13      EV: 13    Int: 16    God:
Gold:   218        SH:  0    Dex: 20    Spells: 7/14 levels left

rFire   . . .      SeeInvis .   o - +2 hand axe (vorpal)
rCold   . . .      Faith    .   (no shield)
rNeg    . . .      Spirit   .   a - +0 robe
rPois   .          Reflect  .   (no helmet)
rElec   .          Harm     .   (no cloak)
rCorr   .          Rampage  .   (no gloves)
Will    .....                   (no boots)
Stlth   ++........              g - amulet of regeneration
HPRegen 0.98/turn               t - +6 ring of dexterity
MPRegen 0.13/turn               (no ring)

@: ice-armoured
A: (nimble swimmer 2), mertail
a: no special abilities


You were on level 5 of the Dungeon.
You visited 2 branches of the dungeon, and saw 6 of its levels.

You collected 218 gold pieces.

Inventory:

Hand Weapons
 o - a +2 vorpal hand axe (weapon)
Armour
 a - a +0 robe (worn)
Jewellery
 g - an amulet of regeneration (around neck)
 t - a +6 ring of dexterity (left hand)
Wands
 v - a wand of digging (3)
Scrolls
 c - 3 scrolls of vulnerability {unknown}
 d - a scroll of noise {unknown}
 e - 3 scrolls of identify {unknown}
 h - 2 scrolls of teleportation {unknown}
 k - a scroll of amnesia {unknown}
 l - a scroll of butterflies {unknown}
 m - 2 scrolls of enchant armour {unknown}
 r - a scroll of enchant weapon {unknown}
 s - a scroll of immolation {unknown}
 u - 3 scrolls of magic mapping {unknown}
Potions
 b - a potion of magic
 f - 6 potions of curing {unknown}
 i - a potion of attraction {unknown}
 j - a potion of brilliance {unknown}
 n - a potion of might {unknown}
 p - a potion of heal wounds {unknown}
 q - a potion of haste {unknown}


   Skills:
 + Level 4.3 Fighting
 - Level 2.6 Dodging
 - Level 2.1 Stealth
 + Level 4.3 Spellcasting
 + Level 6.3 Ice Magic


You had 7 spell levels left.
You knew the following spells:

 Your Spells              Type           Power      Damage    Failure   Level
a - Freeze                Ice            92%        1d10      1%          1
b - Frozen Ramparts       Ice            46%        1d7       3%          3
c - Ozocubu's Armour      Ice            23%        N/A       3%          3

Your spell library contained the following spells:

 Spells                   Type           Power      Damage    Failure   Level
 Summon Small Mammal      Summ           12%        N/A       17%         1
 Hailstorm                Conj/Ice       13%        3d5       41%         4
 Call Canine Familiar     Summ           3%         N/A       45%         3
 Ignite Poison            Fire/Tmut/Pois 3%         N/A       45%         3
 Mephitic Cloud           Conj/Pois/Air  3%         N/A       45%         3
 Summon Guardian Golem    Hex/Summ       3%         N/A       45%         3
 Airstrike                Air            1%         2d(1-17)  86%         4
 Summon Lightning Spire   Summ/Air       3%         N/A       86%         4
 Freezing Cloud           Conj/Ice/Air   5%         6-21      88%         5
 Lightning Bolt           Conj/Air       1%         1d12      99%         5


Dungeon Overview and Level Annotations

Branches:
Dungeon (5/15)             Temple (1/1) D:5

Altars:
Ashenzari
Cheibriados
Elyvilon
Fedhas
Gozag
Hepliaklqana
Kikubaaqudgha
Okawaru
Qazlal
Ru
Uskayaw
Wu Jian
Yredelemnul
Zin
The Shining One


Innate Abilities, Weirdness & Mutations

((You are very nimble when in or above water. (Stealth+, EV+, Speed+++)))
Your lower body shifts to a powerful aquatic tail in water.


Message History

Aim: an iguana (severely wounded, slow)
You freeze the iguana.
The iguana is almost dead.
The iguana seems to slow down.
The iguana bites you!
Unknown command.
An iguana is nearby!
You barely miss the iguana.
The iguana is almost dead.
The iguana barely misses you.
You hit the iguana.
You kill the iguana!
No target in view!
HP restored.
Magic restored.
You now have 218 gold pieces (gained 7).
A worm comes into view.
A centaur comes into view.
The centaur shouts!
You hear a bark!
The centaur wields a +0 shortbow.
The centaur shoots an arrow.
The arrow hits you!
The centaur shoots an arrow.
The arrow hits you.
Found an escape hatch in the ceiling.
The centaur shoots an arrow.
The arrow barely misses you.
The centaur shoots an arrow.
The arrow hits you!
The centaur shoots an arrow.
The arrow hits you!
The centaur shoots an arrow.
The arrow barely misses you.
The centaur shoots an arrow.
The arrow hits you.
The centaur shoots an arrow.
The arrow hits you!
* * * LOW HITPOINT WARNING * * *
The centaur unwields a +0 shortbow.
The centaur hits you.
* * * LOW HITPOINT WARNING * * *
The centaur barely misses you.
Casting: Freeze (safe; 1% risk of failure)
Confirm with . or Enter, or press ? or * to list all spells.
A film of ice covers your body!
The centaur hits you but does no damage.
The centaur closely misses you. The centaur hits you.
* * * LOW HITPOINT WARNING * * *
The centaur kicks you but does no damage.
The centaur hits you.
You die...

##.......#.........
#.........
##########+##.........
..........##.........
#...................
#####..........###......
#.................<####.
#.................## ##
#......@w.........# #
#.....c...........# .
#..............#### .
#..........$...# .
+...<........### ..
#....##......# #....
#.#....# #.... #.#.....


You could see a centaur and a worm.

Vanquished Creatures
  An ogre (D:4)
  A centaur (D:4)
  3 hounds
  An iguana (D:5)
  4 gnolls (D:3)
  7 adders
  A worm (D:2)
  A dart slug (D:4)
  11 orcs
  5 endoplasms
  4 giant cockroaches
  7 goblins
  7 hobgoblins
  7 jackals (D:2)
  7 kobolds
  8 quokkas
  9 ball pythons
  4 bats
  3 frilled lizards
  11 rats
102 creatures vanquished.

Notes
Turn   | Place    | Note
-------+----------+-------------------------------------------
     0 | D:1      | safid the Merfolk Ice Elementalist began the quest for the
                  | Orb.
     0 | D:1      | Reached XP level 1. HP: 13/13 MP: 3/3
   178 | D:1      | Found a faded altar of an unknown god.
   404 | D:1      | Reached XP level 2. HP: 15/20 MP: 1/5
   486 | D:1      | Reached skill level 1 in Fighting
   670 | D:1      | Reached XP level 3. HP: 26/26 MP: 2/6
   731 | D:1      | Learned a level 3 spell: Frozen Ramparts
  1470 | D:2      | Reached skill level 5 in Ice Magic
  1470 | D:2      | Reached XP level 4. HP: 33/33 MP: 4/8
  1728 | D:2      | Learned a level 3 spell: Ozocubu's Armour
  1736 | D:2      | Found a broken altar of Ashenzari.
  2110 | D:3      | Found a white marble altar of Elyvilon.
  2199 | D:3      | Reached XP level 5. HP: 39/39 MP: 3/9
  2941 | D:4      | Noticed an ogre
  2951 | D:4      | Killed an ogre
  2952 | D:4      | Reached XP level 6. HP: 47/47 MP: 1/11
  3164 | D:4      | Found an opulent altar of Gozag.
  3539 | D:4      | Reached skill level 6 in Ice Magic
  3807 | D:5      | Entered Level 5 of the Dungeon
  3869 | D:5      | Reached XP level 7. HP: 50/54 MP: 9/13
  3902 | D:5      | Found a hide-covered altar of Uskayaw.
  3953 | D:5      | Found a staircase to the Ecumenical Temple.
  3970 | Temple   | Entered the Ecumenical Temple
  4088 | D:5      | HP: 2/54 [centaur (3)]
  4089 | D:5      | Slain by a centaur

Illustrated notes

Levels and vault maps discovered:
D:1:      minmay_arrival_open_corners, layout_basic,
          shapermc_ecumenical_altar_pompeii, chequers_serial_rivers_large_b,
          minmay_cut_off
D:2:      layout_basic, serial_aquarium, aquarium_bridge_long_joined
          [aquarium_subvault_bridge, aquarium_subvault_wall,
          aquarium_subvault_bridge, aquarium_subvault_wall,
          aquarium_subvault_window, aquarium_subvault_bridge],
          aquarium_bridge_square [aquarium_subvault_bridge,
          aquarium_subvault_bridge, aquarium_subvault_bridge,
          aquarium_subvault_window], aquarium_window_corridor_2,
          aquarium_window_fake, aquarium_window_1, aquarium_view_2c, basic_altar
D:3:      layout_rooms, elyvilon_altar_4
D:4:      layout_loops_cross, grunt_gozag_breadcrumbs, lemuel_flame_loot_1
D:5:      layout_basic, mainiacjoe_overflow_tiny_flanked,
          minmay_temple_entry_ruins, ebering_ghost_disaster_area,
          uniq_crazy_yiuf_cottage, uniq_eustachio, uniq_prince_ribbit1
Temple:   nicolae_temple_ecumenical_triangle

Skill      XL: |  1  2  3  4  5  6 |
---------------+-------------------+-----
Fighting       | 1 2 3 4 |  4.3
Ice Magic      | 5 6 |  6.3
Spellcasting   | 3 4 |  4.3
Dodging        | |  2.6
Stealth        | |  2.1

Action                   |  1- 3 |  4- 6 |  7- 9 || total
-------------------------+-------+-------+-------++-------
Melee: Short sword       |    51 |     3 |       ||    54
       Mace              |     2 |       |       ||     2
       Punch             |     1 |       |       ||     1
       Hand axe          |       |    90 |     3 ||    93
 Cast: Freeze            |    47 |    20 |     6 ||    73
       Frozen Ramparts   |     1 |    13 |       ||    14
       Ozocubu's Armour  |       |     3 |     1 ||     4
 Stab: Sleeping          |     5 |     5 |       ||    10
Armor: Robe              |    16 |    28 |     2 ||    46
Dodge: Dodged            |    79 |    80 |     8 ||   167
